 Dungeon Crawl Stone Soup version 0.18-a0-1639-g7533f42 (webtiles) character file.

541 dohliylev the Covert (level 7, -1/47 HPs)
             Began as a Vampire Enchanter on Mar 27, 2016.
             Slain by namelastname112's ghost (9 damage)
             ... on level 4 of the Dungeon.
             The game lasted 00:23:44 (5144 turns).

dohliylev the Covert (Vampire Enchanter)            Turns: 5144, Time: 00:23:45

Health: -1/47      AC:  5    Str:  7    XL:     7   Next: 5%
Magic:  1/11       EV: 13    Int: 17    God:
Gold:   259        SH:  0    Dex: 17    Spells: 5 memorised, 0 levels left

rFire  . . .     SeeInvis +     a - +1 dagger
rCold  + + .     Gourm    .     s - +2 robe of Vehumet's Vengeance {rC++}
rNeg   + . .     Faith    .     (no shield)
rPois  .         Spirit   .     (no helmet)
rElec  .         Dismiss  .     (no cloak)
rCorr  .         Reflect  .     (no gloves)
SustAt .         Harm     .     b - +0 pair of boots
MR     .....                    (no amulet)
Stlth  +++++.....               (no ring)
                                n - ring of flight

@: not resistant to hostile enchantments, quite stealthy
A: fangs 3, see invisible, unbreathing
a: Bat Form, Evoke Flight


You were on level 4 of the Dungeon.
You were not thirsty.

You visited 1 branch of the dungeon, and saw 4 of its levels.

You collected 259 gold pieces.

Inventory:

Hand Weapons
 a - a +1 dagger (weapon)
Missiles
 k - 3 throwing nets (quivered)
 t - 13 poisoned needles
Armour
 b - a +0 pair of boots (worn)
 s - the +2 robe of Vehumet's Vengeance (worn) {rC++}
   (You found it on level 4 of the Dungeon)

   It greatly protects you from cold.
Jewellery
 n - a ring of flight (left hand)
Scrolls
 e - 5 scrolls of identify {unknown}
 h - 4 scrolls of remove curse {unknown}
 l - 2 scrolls of teleportation {unknown}
 m - a scroll of immolation {unknown}
 p - a scroll of recharging {unknown}
 q - a scroll of fog {unknown}
 u - a scroll of blinking {unknown}
Potions
 d - 4 potions of blood
 f - a potion of ambrosia {unknown}
 g - a potion of agility
 i - a potion of cancellation {unknown}
 j - a potion of haste {unknown}
 o - 3 potions of heal wounds {unknown}
 w - a potion of brilliance {unknown}
Books
 c - a book of Maledictions

   Spells                             Type                      Level
   a - Corona                         Hexes                        1
   b - Ensorcelled Hibernation        Hexes/Ice                    2
   c - Confuse                        Hexes                        3
   d - Tukima's Dance                 Hexes                        3
   e - Dazzling Spray                 Conjuration/Hexes            3
 v - a book of the Warp

   Spells                             Type                      Level
   a - Recall                         Summoning/Translocation      3
   b - Gell's Gravitas                Hexes/Translocation          3
   c - Force Lance                    Conjuration/Translocation    4
   d - Warp Weapon                    Charms/Translocation         5
   e - Summon Forest                  Summoning/Translocation      5


   Skills:
 + Level 0.6 Fighting
 + Level 1.7 Short Blades
 + Level 2.9 Dodging
 + Level 9.3 Stealth
 + Level 3.0 Spellcasting
 + Level 0.1 Conjurations
 + Level 5.5 Hexes
 + Level 2.5 Ice Magic


You couldn't memorise any spells.
You knew the following spells:

 Your Spells              Type           Power        Failure   Level  Hunger
a - Corona                Hex            ###....      1%          1    None
b - Ensorcelled Hibernat  Hex/Ice        ###...       6%          2    ##.....
c - Dazzling Spray        Conj/Hex       ##......     17%         3    ###....
d - Tukima's Dance        Hex            ###.....     8%          3    ###....
e - Gell's Gravitas       Hex/Tloc       ##........   17%         3    ###....


Dungeon Overview and Level Annotations

Branches:
Dungeon (4/15)
 Temple: D:4-7

Altars:
Pakellas

Shops:
D:2 }

Annotations:
D:3 namelastname112's ghost, amateur DrTm
D:4 namelastname112's ghost, amateur DrMo


Innate Abilities, Weirdness & Mutations

You have razor-sharp teeth.
You have supernaturally acute eyesight.
You can survive without breathing.


Message History

You hit namelastname112's ghost.
Namelastname112's ghost is severely damaged.
Namelastname112's ghost barely misses you.
You hit namelastname112's ghost.
Namelastname112's ghost is severely damaged.
Namelastname112's ghost hits you.
* * * LOW HITPOINT WARNING * * *
Drink which item? (? for menu, Esc to quit)
Yummy - fresh blood!
You are feeling thirsty.
Namelastname112's ghost hits you.
* * * LOW HITPOINT WARNING * * *
Drink which item? (? for menu, Esc to quit)
Yummy - fresh blood!
Namelastname112's ghost hits you.
* * * LOW HITPOINT WARNING * * *
Drink which item? (? for menu, Esc to quit)
Yummy - fresh blood!
Namelastname112's ghost hits you.
* * * LOW HITPOINT WARNING * * *
It was a potion of curing.
You feel better. Namelastname112's ghost hits you!
You die...

# ### ###
### ##@#
#.## ..##
##W## #..#
..%# ##.##
#..# # ...#
##.## ##.###
...#
######.##
#..#. ...#
#.....##
#..#. ..##
##....## .##
#...# ..#
#......#
...## #...#
.## #......#
.....###....


You could see namelastname112's ghost.

Vanquished Creatures
  A hippogriff (D:3)
  Purgy (D:4)
  A crimson imp (D:3)
  3 worker ants (D:4)
  7 adders
  2 gnolls (D:2)
  2 oozes
  8 worms
  A dart slug (D:3)
  3 giant geckos
  3 orcs
  2 ball pythons
  7 giant cockroaches
  5 goblins
  11 hobgoblins
  7 jackals
  5 quokkas
  11 bats
  2 giant newts
  7 kobolds
  5 rats
94 creatures vanquished.

Notes
Turn   | Place    | Note
--------------------------------------------------------------
     0 | D:1      | dohliylev the Vampire Enchanter began the quest for the Orb.
     0 | D:1      | Reached XP level 1. HP: 13/13 MP: 3/3
   141 | D:1      | Reached skill level 5 in Stealth
   271 | D:1      | Reached XP level 2. HP: 16/19 MP: 1/5
   275 | D:1      | Learned a level 2 spell: Ensorcelled Hibernation
   443 | D:1      | Reached skill level 6 in Stealth
   795 | D:2      | Reached XP level 3. HP: 22/24 MP: 6/6
   858 | D:2      | Found an oddly glowing altar of Pakellas.
   858 | D:2      | Found Pakellas's Prime Provisions.
  1040 | D:2      | Reached skill level 7 in Stealth
  1721 | D:2      | Reached XP level 4. HP: 30/30 MP: 4/7
  1806 | D:2      | Reached skill level 1 in Ice Magic
  2088 | D:3      | Noticed namelastname112's ghost (amateur DrTm)
  2299 | D:3      | Reached skill level 8 in Stealth
  2552 | D:3      | Reached XP level 5. HP: 35/35 MP: 4/8
  2561 | D:3      | Learned a level 3 spell: Dazzling Spray
  3285 | D:3      | Noticed a hippogriff
  3747 | D:3      | Killed a hippogriff
  3747 | D:3      | Reached skill level 5 in Hexes
  3747 | D:3      | Reached XP level 6. HP: 33/42 MP: 0/9
  4369 | D:4      | Noticed namelastname112's ghost (amateur DrMo)
  4411 | D:4      | Noticed Purgy
  4419 | D:4      | Killed Purgy
  4419 | D:4      | Reached skill level 9 in Stealth
  4557 | D:4      | Got a slimy robe
  4568 | D:4      | Identified the +2 robe of Vehumet's Vengeance {rC++} (You found it on level 4 of the Dungeon)
  4760 | D:4      | Reached XP level 7. HP: 47/47 MP: 6/11
  4969 | D:4      | Learned a level 3 spell: Tukima's Dance
  4973 | D:4      | Learned a level 3 spell: Gell's Gravitas
  5143 | D:4      | HP: 1/47 [namelastname112's ghost (4)]
  5144 | D:4      | Slain by namelastname112's ghost

Vault maps used:
D:1:      dpeg_arrival_pits
D:2:      johnstein_pakellas_shop
D:3:      first_bread
D:4:      uniq_purgy

Skill      XL: |  1  2  3  4  5  6 |
---------------+-------------------+-----
Stealth        | 5 6 7 8 9 |  9.3
Ice Magic      | 1 2 |  2.5
Hexes          | 5 |  5.5
Spellcasting   | 3 |  3.0
Fighting       | |  0.6
Short Blades   | |  1.7
Dodging        | |  2.9
Conjurations   | |  0.1

Action                   |  1- 3 |  4- 6 |  7- 9 || total
-------------------------+-------+-------+-------++-------
Melee: Dagger            |    75 |   103 |    18 ||   196
       Unarmed           |       |     3 |       ||     3
 Cast: Corona            |     9 |       |     2 ||    11
       Ensorcelled Hiber |    21 |    57 |     4 ||    82
       Dazzling Spray    |       |     4 |     7 ||    11
 Abil: End Transformatio |     2 |     6 |     1 ||     9
       Bat Form          |     2 |     6 |     1 ||     9
  Use: Potion            |       |     2 |     4 ||     6
 Stab: Sleeping          |    22 |    49 |     2 ||    73
